[Event "Czech Open-Rapid 2022"]
[Site "Pardubice"]
[Date "2022.07.21"]
[Round "7.41"]
[White "Mlejnek, Stanislav"]
[Black "Valenta, Vit Vaclav"]
[Result "0-1"]
[ECO "C89"]
[WhiteElo "1666"]
[BlackElo "1996"]
[Annotator "NA RC"]
[PlyCount "44"]
[EventDate "2022.07.20"]
[EventType "swiss"]
[EventCountry "CZE"]
[SourceTitle "playchess.com"]
[Source "ChessBase"]
[SourceQuality "1"]
[TimeControl "1200+10"]

1. e4 e5 2. Nf3 Nc6 3. Bb5 a6 4. Ba4 Nf6 5. O-O Be7 6. Re1 b5 7. Bb3 O-O 8. c3 d5 9. exd5 e4 10. dxc6 exf3 11. Qxf3 Bg4 12. Qg3 Bd6 13. Qh4 Re8 14. f3 Bc5+ 15. d4 Bxd4+ 16. cxd4 Qxd4+ 17. Kh1 Rxe1+ 18. Qxe1 Re8 19. Qxe8+ Nxe8 20. fxg4 Qf2 21. h3 Qe1+ 22. Kh2 Qxc1 0-1

[Event "Czech Open-Rapid 2022"]
[Site "Pardubice"]
[Date "2022.07.21"]
[Round "7.42"]
[White "Rakhmangulova, Iulia"]
[Black "Kavalir, Jan"]
[Result "1/2-1/2"]
[ECO "C02"]
[WhiteElo "1904"]
[BlackElo "1987"]
[Annotator "TA"]
[PlyCount "78"]
[EventDate "2022.07.20"]
[EventType "swiss"]
[EventCountry "CZE"]
[SourceTitle "playchess.com"]
[Source "ChessBase"]
[SourceQuality "1"]
[TimeControl "1200+10"]

1. e4 e6 2. d4 d5 3. e5 c5 4. Qg4 Nc6 5. Nf3 cxd4 6. Bd3 h5 {[%emt 0:00:37] C02: French: Advance Variation.} 7. Qf4 Nh6 8. O-O Bd7 9. a3 (9. Nxd4 $11 Nb4 10. Nc3) 9... Qc7 {[%emt 0:01:02] [#]} 10. b4 $146 (10. c3 $11) ({Predecessor:} 10. c3 Be7 11. cxd4 O-O-O 12. Nc3 a6 13. h4 Rdf8 14. Qg3 Ng4 15. Bf4 Qb6 16. Rfc1 {1-0 (30) Smith,A (2151)-Faldon,D (1951) Margate 2014}) 10... O-O-O (10... Ng4 $17 {Hoping for ...0-0-0.} 11. Re1 O-O-O 12. Qxf7 Ngxe5 13. Nxe5 Nxe5) 11. b5 $11 Na5 12. Qxd4 Bc5 13. Qb2 Bb6 (13... Ng4 $15 {keeps the upper hand.}) 14. Bg5 $16 Rde8 15. Nbd2 $1 Ng4 16. c4 {Threatens to win with cxd5.} (16. h3 Kb8) 16... d4 (16... dxc4 $2 17. Rac1 $18) (16... Nxc4 $2 17. Bxc4 dxc4 18. Rac1 $18) (16... Qc5 $16 {was necessary.}) 17. Rfe1 f6 18. exf6 gxf6 19. Bh4 {[%emt 0:00:09] And now Ne4 would win.} e5 (19... f5 $16) 20. h3 $2 (20. c5 $18 Bxc5 21. Ne4 (21. h3 f5 $11)) 20... f5 $14 {[%emt 0:00:09] Prevents Ne4.} 21. Bg3 {[%emt 0:01:55] Strongly threatening c5.} ({Much worse is} 21. hxg4 hxg4 22. Nxe5 Rxh4 $17) 21... Qc5 $2 22. hxg4 $18 e4 {[%emt 0:00:28] [#]} 23. Bxe4 $1 hxg4 24. Ng5 (24. Bd5 $18) 24... Bc7 (24... fxe4 $11 {and Black stays safe.} 25. Ndxe4 Rxe4 26. Nxe4 Qh5 27. Nd6+ Kd8) 25. Bd5 $2 ({Only move:} 25. Qb4 $1 $18 Qb6 26. Bxf5 $1 Bxf5 27. Nf7) 25... Rxe1+ $11 26. Rxe1 {[%emt 0:00:03] The board is on fire.} Bxg3 27. Qb4 {[%emt 0:01:39] Active counter play!} Qxb4 (27... Bh2+ $15 28. Kf1 Bd6 29. Qxc5+ (29. Qxa5 $2 Rh1+ 30. Ke2 d3+ 31. Kxd3 Rxe1 $19) 29... Bxc5) 28. axb4 Bf4 {[%emt 0:00:02][%csl LRd2,LRg5] [#]} 29. Rd1 {[%emt 0:00:41] aiming for Nf7.} Bxg5 (29... Nc6 30. bxc6) 30. bxa5 Bf4 (30... Rd8 $11) 31. Nb3 $14 Bh2+ 32. Kf1 Be5 33. Ke2 f4 34. Nxd4 g3 (34... Bc7 $14 {feels stronger.}) 35. fxg3 $16 fxg3 36. Bf3 {[%emt 0:00:38] Against Bg4} ({White should play} 36. Kd3) 36... Rh4 37. Ke3 Bf4+ (37... Bc7 $14) 38. Kd3 Be5 {[%emt 0:00:03] [#]} 39. Ke3 (39. Be4 $1 $16) 39... Bf4+ $1 {Weighted Error Value: White=0.63/Black=0.67} 1/2-1/2

[Event "Czech Open-Rapid 2022"]
[Site "Pardubice"]
[Date "2022.07.21"]
[Round "7.43"]
[White "Ni, Polina"]
[Black "Mojzis, Martin"]
[Result "1/2-1/2"]
[ECO "C89"]
[WhiteElo "1871"]
[BlackElo "1987"]
[Annotator "TA"]
[PlyCount "98"]
[EventDate "2022.07.20"]
[EventType "swiss"]
[EventCountry "CZE"]
[SourceTitle "playchess.com"]
[Source "ChessBase"]
[SourceQuality "1"]
[TimeControl "1200+10"]

1. e4 e5 2. Nf3 Nc6 3. Bb5 a6 4. Ba4 Nf6 5. O-O b5 6. Bb3 Be7 7. Re1 O-O 8. c3 d5 9. exd5 Nxd5 10. d4 exd4 11. Nxd4 Nxd4 12. Qxd4 Bb7 13. Be3 {[%emt 0:02:56] C89: Closed Ruy Lopez: Marshall Attack.} (13. Nd2 $11 {keeps the balance.}) 13... Bf6 {[%emt 0:04:12] [#]} 14. Qd3 $146 ({Predecessor:} 14. Qd1 Nxe3 15. fxe3 Qxd1 16. Rxd1 Rad8 17. Nd2 Rfe8 18. Kf2 Bg5 19. Nf1 Kf8 20. c4 Bf6 21. cxb5 axb5 22. Rxd8 Rxd8 {½-½ (28) Pena Alcaide,J-Cuadrado Garcia,J (1955) Mondariz 2004}) 14... Nxe3 15. Qxd8 (15. Qxe3 $142 Bg5 16. Qc5) 15... Raxd8 16. Rxe3 Bg5 17. Re1 Rd6 (17... c5 $17 18. Na3 Rd2) 18. a4 $15 b4 19. cxb4 Rd4 20. b5 axb5 21. axb5 Rb4 $40 {[%emt 0:00:02][%csl LRb3,LRb5][%mdl 128] Black has some attack.} 22. Ra3 Rxb5 23. Nc3 Rb4 24. Na2 Rb6 25. Nc3 Bd2 {[%emt 0:01:42] A strong pair of Bishops.} 26. Re7 (26. Re2 $11 {and White stays safe.} Bg5 27. Na4) 26... Bxc3 $2 (26... Bf4 $1 $19 {[%cal Rf4d6] aiming for ...Bd6.} 27. Nd5 Bxd5 28. Bxd5 Bd6 29. Rxf7 Bxa3 30. Rf3+ Kh8 31. Rxa3 Rxb2) 27. bxc3 $11 Bd5 $1 28. c4 Be6 29. h3 $2 {[%emt 0:00:12][%mdl 8192] [#]} (29. Rxc7 $11 {and White has nothing to worry.} Rfb8 30. Bd1) 29... Rfb8 $2 (29... Rc8 $1 $19 {...Kf8 is the strong threat.} 30. Ba4 Kf8 31. Rxe6 Rxe6) 30. Bc2 Rc6 {[%emt 0:01:13] Threatens to win with ...Kf8.} 31. Ra7 $1 Rc8 32. Be4 Rxc4 33. Bb7 Rd8 {[%emt 0:00:41] And now ...Kf8 would win.} 34. Bf3 $1 c5 35. Rec7 (35. Bg4 $1 $11 Bxg4 36. hxg4) 35... Rc2 (35... g6 $17 {Black wants to play ...h5.} 36. Bg4 Bd5) 36. Ra5 c4 37. Rac5 $2 {[%emt 0:00:17] [#]} (37. Bd5 $1 $11 {and White is okay.}) 37... Rcd2 $2 (37... g6 $1 $19 {White must now prevent ...Rdd2.} 38. Bg4 Bxg4 39. hxg4 Rd1+ 40. Kh2 Rxf2 41. Rxc4 Rdd2) 38. Bg4 $1 Bd5 (38... Bxg4 $11 39. hxg4 h6) 39. Rc8 (39. Rd7 $14 Be6 40. Bxe6 fxe6 41. Re7) 39... Be6 {[%emt 0:00:09] The position is equal.} 40. Bxe6 fxe6 41. Rxd8+ Rxd8 42. Rxc4 {[%emt 0:00:01][%mdl 4096] Endgame KR-KR} Kf7 43. Rc7+ Kf6 44. g4 h6 45. Kg2 g5 46. Kg3 Rd3+ 47. f3 Rb3 48. Rh7 Kg6 49. Re7 Kf6 {[%emt 0:00:06] Weighted Error Value: White=0.41/Black=0.41} 1/2-1/2

[Event "Czech Open-Rapid 2022"]
[Site "Pardubice"]
[Date "2022.07.21"]
[Round "7.44"]
[White "Kokes, Bohuslav"]
[Black "Soukup, Stepan"]
[Result "1-0"]
[ECO "B95"]
[WhiteElo "1909"]
[BlackElo "1809"]
[Annotator "TA"]
[PlyCount "85"]
[EventDate "2022.07.20"]
[EventType "swiss"]
[EventCountry "CZE"]
[SourceTitle "playchess.com"]
[Source "ChessBase"]
[SourceQuality "1"]
[TimeControl "1200+10"]

1. e4 c5 2. Nf3 d6 3. d4 cxd4 4. Nxd4 Nf6 5. Nc3 a6 6. Bg5 e6 7. Qd2 Be7 8. O-O-O Nbd7 9. f3 {[%emt 0:00:40] B95: Sicilian Najdorf: 6 Bg5 e6, unusual White 7th moves.} Qc7 10. Kb1 O-O 11. g4 {[%emt 0:00:10] The position is equal.} b5 $1 12. a3 Bb7 13. h4 {[%emt 0:00:12] [#]} Rfc8 $146 ({Predecessor:} 13... Ne5 14. Bxf6 Bxf6 15. g5 Be7 16. h5 Nc4 17. Bxc4 Qxc4 18. Rhg1 d5 19. exd5 Bxd5 {1-0 (26) Droin,A (2289)-Zvereva,M (1937) Chess.com INT 2020}) 14. Bf4 Ne5 15. g5 {[%emt 0:05:52] [#]} (15. Be2 $11) 15... Nfd7 (15... Nxf3 $1 $15 16. Nxf3 (16. Qf2 Nxe4) 16... Nxe4 17. Nxe4 Bxe4) 16. h5 (16. Bxe5 $142 Nxe5 17. h5) 16... Nb6 (16... b4 $1 $11 17. axb4 Rab8) 17. g6 $14 Nec4 $2 (17... Nbc4 $1 $14 18. gxf7+ Kxf7) 18. gxf7+ $2 (18. Qh2 $1 $18 Bf6 19. h6 fxg6 20. Bh3 (20. Nxe6 Qf7 $14)) 18... Kxf7 $11 19. Bxc4 Nxc4 20. Qg2 {[%emt 0:00:11] aiming for Qg4.} e5 $2 (20... Nxb2 $11 21. Qg4 Nxd1 22. Qxe6+ Kf8 23. Rxd1 (23. Nxd1 Qc4 $17) 23... Rd8) 21. Nf5 $1 $18 exf4 $2 (21... Bf8 {was necessary.}) 22. Qxg7+ Ke8 23. Rhg1 (23. Nxe7 $2 Qxe7 24. Rhg1 Rc7 25. Qxe7+ (25. Qg8+ $2 Kd7 $17) 25... Rxe7 $17) 23... Bf8 {[%emt 0:03:09] [#]} 24. Qg8 ({Only move:} 24. Qh8 $1 $18) 24... Qf7 $11 25. Qh8 (25. Ng7+ $1 $11 Ke7 26. Nf5+ Ke8 27. Ng7+ Ke7 28. Nf5+ Ke8) 25... Rd8 $2 (25... Kd7 $17 26. Qd4 d5) 26. Rg7 $1 $18 {[%emt 0:03:10][%mdl 64] Skewer, Double Attack} Qf6 27. Qg8 (27. Re7+ $142 Qxe7 28. Nxe7) 27... Rd7 28. Rxh7 {[%emt 0:00:23] Chess con chili.} (28. h6 $18) 28... Rxh7 $11 29. Qxh7 Bc6 (29... Qf7 $1 $11 {and Black has nothing to worry.} 30. Qh8 Kd7) 30. Qc7 $2 (30. h6 $18) 30... Bd7 $15 {[%emt 0:00:16] White must now prevent ...Rc8.} 31. Nd4 (31. Qb7 $15 Rc8 32. Rd3) 31... Rc8 32. Qb7 {[%emt 0:00:06] [#]} ({Better is} 32. Qa7) 32... Ne3 (32... Nxa3+ $1 $17 33. Kc1 (33. Ka2 Qf7+) 33... Nc4) 33. Nd5 Nxd5 34. exd5 {[%emt 0:00:01][%cal Be4d5,Bd5c6,Bc6b7][%mdl 32] Re1+ is the strong threat.} Bg7 $2 (34... Qe5 $11 {and Black stays safe.}) 35. Re1+ $18 Kd8 36. c3 $40 {[%emt 0:00:38][%mdl 128] White mounts an attack.} (36. Qb6+ $18 Rc7 37. Re4) 36... Qf7 $2 (36... Qh4 $14 37. Qb6+ Rc7) 37. Nc6+ Rxc6 38. dxc6 Bf5+ 39. Ka1 Qxb7 40. cxb7 {[%emt 0:00:02] White mates.} Kc7 41. Re7+ Kb8 42. Rxg7 d5 43. h6 {[%emt 0:00:01] Weighted Error Value: White=0.87/Black=0.98} 1-0

[Event "Czech Open-Rapid 2022"]
[Site "Pardubice"]
[Date "2022.07.21"]
[Round "8.1"]
[White "Akesson, Ralf"]
[Black "Donchenko, Alexander"]
[Result "1/2-1/2"]
[ECO "E35"]
[WhiteElo "2427"]
[BlackElo "2640"]
[Annotator "TA"]
[PlyCount "26"]
[EventDate "2022.07.20"]
[EventType "swiss"]
[EventCountry "CZE"]
[SourceTitle "playchess.com"]
[Source "ChessBase"]
[SourceQuality "1"]
[TimeControl "1200+10"]

1. d4 Nf6 2. c4 e6 3. Nc3 Bb4 4. Qc2 d5 5. cxd5 exd5 6. Nf3 O-O {[%emt 0:00:18] The position is equal. 6...0-0 is better than 6...c5.} 7. Bf4 {[%emt 0:00:19] E32: Nimzo-Indian: Classical (4 Qc2): 4...0-0.} c5 8. e3 Nc6 9. Be2 cxd4 10. Nxd4 Nxd4 11. exd4 {[%emt 0:00:02] [#]} Bg4 $146 ({Predecessor:} 11... Qb6 12. Be3 Bg4 13. Bd3 Rac8 14. O-O Bh5 15. Bf5 Bg6 16. Rfc1 Bxc3 17. bxc3 Bxf5 18. Qxf5 {0-1 (45) Baenziger,F (2325)-Vrolijk,L (2221) Prague 2016}) 12. Bxg4 Nxg4 13. O-O Rc8 {[%emt 0:00:22] A balanced but interesting game.  Weighted Error Value: White=0.02 (flawless) /Black=0.02 (flawless)} 1/2-1/2

[Event "Czech Open-Rapid 2022"]
[Site "Pardubice"]
[Date "2022.07.21"]
[Round "8.2"]
[White "Harsha Bharathakoti"]
[Black "Stocek, Jiri"]
[Result "1-0"]
[ECO "B08"]
[WhiteElo "2547"]
[BlackElo "2548"]
[Annotator "TA"]
[PlyCount "119"]
[EventDate "2022.07.20"]
[EventType "swiss"]
[EventCountry "CZE"]
[SourceTitle "playchess.com"]
[Source "ChessBase"]
[SourceQuality "1"]
[TimeControl "1200+10"]

1. Nf3 d6 2. d4 g6 3. e4 Bg7 4. Nc3 Nf6 5. Be2 O-O 6. O-O Bg4 7. Be3 Nc6 8. d5 Bxf3 9. Bxf3 Ne5 10. Be2 c6 11. a4 cxd5 12. exd5 Qa5 {[%emt 0:00:05] B08: Pirc Defence: Classical System.} 13. Ra3 Rfc8 14. Rb3 Qc7 {[%emt 0:00:28] White is slightly better.} 15. Bd4 a6 16. Re1 Re8 17. Bb6 Qb8 18. Bf1 Ned7 19. Bd4 Qc7 {[%emt 0:00:08] [#]} 20. g3 $146 ({Predecessor:} 20. Ne4 Nxe4 21. Rxe4 Nc5 22. Bxc5 dxc5 23. Bc4 Rad8 24. Qe2 Rd7 25. g3 Bf6 26. Rf3 Red8 27. Kg2 b5 28. axb5 axb5 29. Bxb5 Rxd5 {½-½ (59) Dvorak,T (2300)-Petran,P (2380) Czech Republic 2002}) 20... Rab8 21. Bg2 Nc5 22. Ra3 h5 23. Na2 Rbc8 24. a5 Ncd7 25. Nb4 Ng4 26. h3 Bxd4 27. Qxd4 Ngf6 28. Ree3 {[%emt 0:01:57] White is much more active.} Qc4 {[%emt 0:00:41] [#]} 29. Qxc4 (29. Qd2 $1 $16) 29... Rxc4 $11 30. c3 Kf8 31. Bf1 (31. b3 $5 Rc7 32. c4 $14) 31... Re4 32. Nc2 Rxe3 33. Nxe3 Rc8 34. f4 Ke8 35. c4 Kd8 36. Kg2 Kc7 37. Kf3 Rg8 38. h4 Ne8 39. b4 f5 40. Bd3 (40. Bg2 $16) 40... Nef6 {[%emt 0:00:03] [#]} (40... Ng7 $14 {is more appropriate.}) 41. Nc2 $1 $16 Rc8 42. Nd4 Kd8 43. Ke3 Ke8 44. Ra1 Ng4+ 45. Ke2 Ngf6 46. Ke3 Ng4+ 47. Ke2 Ngf6 $1 48. Ne6 Nf8 49. Nxf8 Kxf8 {[%emt 0:00:02][%mdl 4096] Endgame KRB-KRN} 50. Ke3 e6 51. dxe6 Ke7 (51... Re8 $16 {was called for.}) 52. Kd4 $18 Kxe6 $2 (52... Rb8 53. Re1 b6) 53. Re1+ Kd7 54. Bc2 {[%emt 0:00:02] Threatens to win with Ba4+.} Rg8 55. Ba4+ Kd8 56. c5 dxc5+ 57. Kxc5 ({Not} 57. bxc5 Kc8 $16) 57... Rg7 58. Re6 Rf7 59. Bb3 Ne4+ 60. Kb6 {[%emt 0:00:00] Weighted Error Value: White=0.13 (very precise) /Black=0.19 (very precise)} 1-0

[Event "Czech Open-Rapid 2022"]
[Site "Pardubice"]
[Date "2022.07.21"]
[Round "8.3"]
[White "Babula, Vlastimil sr"]
[Black "Pulpan, Jakub"]
[Result "1-0"]
[ECO "E31"]
[WhiteElo "2556"]
[BlackElo "2424"]
[Annotator "TA"]
[PlyCount "73"]
[EventDate "2022.07.20"]
[EventType "swiss"]
[EventCountry "CZE"]
[SourceTitle "playchess.com"]
[Source "ChessBase"]
[SourceQuality "1"]
[TimeControl "1200+10"]

1. d4 Nf6 2. c4 e6 3. Nc3 Bb4 4. Bg5 h6 5. Bh4 c5 6. d5 d6 7. e3 Bxc3+ 8. bxc3 e5 9. Qc2 Qe7 10. Nf3 Nbd7 11. Nd2 g5 12. Bg3 Nh5 13. Be2 $5 {[%emt 0:00:44][%mdl 4] An interesting side line. E31: Nimzo-Indian: Leningrad Variation: 4...h6 5 Bh4 c5 6 d5 d6.} Ndf6 {[%emt 0:00:39] [#]} 14. h3 $146 ({Predecessor:} 14. Rb1 Ng7 15. h4 g4 16. h5 Bf5 17. Qa4+ Kf8 18. Rb2 Ngxh5 19. Bh4 Qc7 20. f3 gxf3 21. Bxf3 {1-0 (38) Rogozenco,T (2087)-Fuchs,A (2054) Braunfels 2018}) 14... Kd8 15. Bh2 {[%emt 0:00:11] White is slightly better.} Kc7 16. g4 Ng7 17. O-O-O h5 18. gxh5 (18. f4 $11 exf4 {[#]} 19. exf4 $1) 18... Bf5 $17 19. e4 Bxh3 20. Nf3 (20. Rdg1 $142) 20... Bg2 (20... Rxh5 21. Nxe5 g4 22. Nc6 $11) 21. Nxe5 (21. Rhg1 $17 Bxf3 22. Bxf3) 21... Bxh1 $19 22. Nc6 bxc6 23. e5 Nfe8 24. Rxh1 cxd5 {[%emt 0:02:27] aiming for ...Rb8.} (24... Nxh5 25. Qa4 Qd7 26. dxc6 Qxc6 27. Qxc6+ Kxc6 28. Bf3+ Kd7 29. Bxa8 $11) 25. Rd1 $2 (25. Qa4 {was the only chance.} Kd8 26. exd6) 25... d4 $4 (25... Nxh5 $19 {and all is fine.} 26. Qa4 Kd8 27. exd6 Qb7) 26. cxd4 (26. Qe4 $142 {Hoping for exd6+.} d5 27. cxd5) 26... Ne6 $2 (26... Nxh5 $2 27. exd6+ Nxd6 28. dxc5 $18) (26... d5) 27. exd6+ $18 {[%emt 0:00:36][%mdl 64] [#] Remove Defender} Nxd6 28. dxc5 {[%emt 0:00:00][%mdl 64] Pin} Qf6 29. Bxd6+ Kc8 30. Qa4 {[%emt 0:03:30] Threatening mate with Qc6+.} Qc3+ 31. Kb1 {[%emt 0:00:01] White wants to mate with Qc6+.} Rb8+ 32. Bxb8 {[%emt 0:00:02] White threatens Bd6 and mate.} Kxb8 33. Qb5+ Ka8 34. Qc6+ {[%emt 0:00:35] White is clearly winning.} Kb8 35. Qd6+ ({Less strong is} 35. Bf3 Qb4+ 36. Kc2 (36. Ka1 Qc3+ 37. Kb1 Qb4+ 38. Kc2 Qxc4+ 39. Kd2 Rd8+ 40. Ke1 Rxd1+ 41. Bxd1 Nxc5 $18) 36... Qxc4+ 37. Kd2 Rd8+ 38. Ke1 Rxd1+ 39. Bxd1 Nxc5 40. Qd6+ Kc8 $18) (35. Rd3 $142 Qe1+ 36. Bd1 Nxc5 37. Qxc5) 35... Ka8 36. Qd5+ Kb8 37. Rd3 {[%emt 0:00:14] Quite a comeback for White.  Weighted Error Value: White=0.87/Black=0.98} ({Worse is} 37. Bf3 Qb4+ 38. Ka1 Qc3+ 39. Kb1 Qb4+ 40. Kc2 Qa4+ 41. Kc1 Qa3+ 42. Kc2 (42. Kb1 Qb4+ $11) 42... Qa4+ 43. Kb2 Qb4+ 44. Ka1 Qc3+ 45. Kb1 $11) 1-0

[Event "Czech Open-Rapid 2022"]
[Site "Pardubice"]
[Date "2022.07.21"]
[Round "8.4"]
[White "Korobov, Anton"]
[Black "Cerveny, Martin"]
[Result "1-0"]
[ECO "D10"]
[WhiteElo "2692"]
[BlackElo "2396"]
[Annotator "TA"]
[PlyCount "64"]
[EventDate "2022.07.20"]
[EventType "swiss"]
[EventCountry "CZE"]
[SourceTitle "playchess.com"]
[Source "ChessBase"]
[SourceQuality "1"]
[TimeControl "1200+10"]

1. d4 d5 2. c4 c6 3. Nc3 Nf6 4. cxd5 cxd5 5. Bg5 e6 6. e3 a6 {[%emt 0:00:45] D10: Slav Defence: 3 cxd5 (without early Nf3) and 3 Nc3.} 7. Bd3 b5 {[%emt 0:00:11] [#]} 8. f4 $146 ({Predecessor:} 8. Rc1 Be7 9. f4 Bb7 10. Nf3 Nbd7 11. O-O Ne4 12. Bxe7 Qxe7 13. Nxe4 dxe4 14. Rc7 exf3 15. Rxb7 fxg2 16. Kxg2 {1-0 (39) Kazakovskiy,V (2524)-Jakubowski,K (2475) Chess.com INT 2022}) 8... Be7 {[%emt 0:01:09] White has an edge.} 9. Nf3 h6 10. Bxf6 Bxf6 11. O-O Bb7 (11... O-O $14) 12. Ne5 $16 h5 13. a4 {[%emt 0:01:19] 0x0.001449d456f9dp-1022s more active pieces.} b4 14. Na2 a5 15. Nc1 Ba6 16. Bxa6 Rxa6 17. Nb3 h4 18. Rc1 h3 (18... O-O $16 {was called for.}) 19. g4 Bxe5 20. dxe5 Rh4 (20... Rc6 $16) 21. g5 Nd7 (21... g6 {was necessary.} 22. Nd4 Kf8) 22. Qf3 Ra8 (22... Kf8 $142 23. Nd4 g6) 23. Nd4 $18 Kf8 (23... g6 {is a better defense.} 24. Rc6 Qe7) 24. Rc6 {[%emt 0:00:17][%cal Bc1c6,Bc6d6,Bd6d7][%mdl 32] White is clearly winning.} Kg8 25. Qg3 Rh5 26. g6 {[%emt 0:00:17] [#] And now gxf7+ would win.} f6 (26... Nf8 $142 27. gxf7+ Kxf7) 27. Qg4 Rh6 28. Qxe6+ Kh8 29. Rd6 Rxg6+ 30. Kh1 Qc8 31. Rxd7 Qc4 32. Qxh3+ Kg8 {[%emt 0:00:16] Weighted Error Value: White=0.07 (flawless) /Black=0.36} 1-0

[Event "Czech Open-Rapid 2022"]
[Site "Pardubice"]
[Date "2022.07.21"]
[Round "8.5"]
[White "Plat, Vojtech"]
[Black "Luch, Michal"]
[Result "1-0"]
[ECO "B49"]
[WhiteElo "2554"]
[BlackElo "2375"]
[Annotator "TA"]
[PlyCount "87"]
[EventDate "2022.07.20"]
[EventType "swiss"]
[EventCountry "CZE"]
[SourceTitle "playchess.com"]
[Source "ChessBase"]
[SourceQuality "1"]
[TimeControl "1200+10"]

1. e4 c5 2. Nf3 e6 3. d4 cxd4 4. Nxd4 Nc6 5. Nc3 Qc7 6. Be3 a6 7. Be2 b5 8. a3 Bb7 9. O-O Na5 {[%emt 0:03:47] B47: Sicilian: Taimanov: 5 Nc3 Qc7 6 f4, 6 g3 and 6 Be2.} 10. Qd3 Rc8 11. Rad1 {[%emt 0:00:21][%cal Od4b5] And now Ndxb5! would win.} Nf6 {[%emt 0:00:52] [#] The position is equal.} 12. Rfe1 $146 ({White should play} 12. Bc1 $11) ({Predecessor:} 12. f4 Nc4 13. Bc1 Be7 14. g4 h6 15. Bf3 e5 16. Nf5 Bc5+ 17. Kh1 g6 18. g5 hxg5 19. fxg5 gxf5 20. gxf6 {0-1 (26) Sigalas,F (2153)-Botsari,A (2329) Athens 2002}) 12... Nc4 $15 13. Bc1 Be7 (13... Bd6 $17 14. g3 Bc5) 14. f4 (14. Qh3 $5 ) 14... O-O 15. Bf3 e5 (15... d6 $15) 16. Nf5 $1 $11 Bc5+ 17. Kh1 ({White should try} 17. Kf1 $11) 17... exf4 $15 18. Qf1 $2 (18. b4 $15 Be3 19. Ne7+ Kh8 20. Nxc8 Rxc8 21. Nd5 Bxd5 22. exd5) 18... Rfe8 (18... Qe5 $19 {Threatens to win with ...Rfe8.} 19. a4 Bb4 20. axb5 axb5) 19. a4 $17 Ne3 20. Nxe3 Bxe3 ({Better is} 20... fxe3 $17 21. axb5 Bxe4 22. Nxe4 Nxe4 23. Bxe4 (23. Bxe3 $2 Bxe3 24. Rxe3 Ng3+ 25. hxg3 Rxe3 $19) 23... Rxe4 24. bxa6 Rce8) 21. Bxe3 $11 fxe3 22. axb5 axb5 ({Resist} 22... Nxe4 23. Bxe4 Bxe4 24. Rxe3 Bxc2 25. Rxe8+ Rxe8 26. Re1 (26. Rc1 Bb3 $15) 26... Rxe1 27. Qxe1 $11) 23. Nxb5 Qxc2 24. Nd6 Nxe4 25. Bxe4 Bxe4 26. Nxe8 {[%emt 0:00:03] The board is on fire.} Rxe8 27. Rxd7 $40 {[%emt 0:00:02][%mdl 128] White mounts an attack.} Qf2 (27... f5 $11 {and Black stays safe.}) 28. Qxf2 $18 exf2 {[%cal Rf2e1][%mdl 4096] Endgame [#] KRR-KRB} 29. Rf1 Bc6 30. Rdd1 Re2 {[%emt 0:00:09] [#]} (30... Ba4 $142 31. Rc1 g6 32. Rxf2 Re4) 31. Rxf2 $3 Re8 (31... Re6 32. Rd8+) 32. Rfd2 Kf8 33. Rd8 h5 34. Kg1 g5 (34... Rxd8 $142 35. Rxd8+ Ke7) 35. b4 Ke7 36. Rxe8+ Bxe8 {[%emt 0:00:09] KR-KB} 37. Kf2 Bc6 38. g3 h4 39. gxh4 gxh4 40. Ke3 {[%emt 0:00:00] Rd4 would kill now.} h3 41. Kf4 {[%emt 0:00:01] White mates.} Bg2 42. b5 Ke6 43. b6 Ke7 44. Rd3 {[%emt 0:00:04] White used his chance.  Weighted Error Value: White=0.39/Black=0.65} 1-0